General information
			
			
        
        - name: BNet
 
        - type: Ladder 1vs1/FFA
 
        - host: Battle.net
 
        - saver: schmitty9800
 
        
map: LostTemple 
        - players: 2
 
        - length: 40:30
 
        - speed: Fast
 - version: 1.22 W3XP
 - replay type:  Public
 
» download(128 KB)
Players
        team 1 (loser) 
              
              
wulfgar99 (
red | 64 APM | 2603 actions | 40:29)
              
 7 Blademaster 
 1 Wind Walk
 3 Critical Strike
 2 Mirror Image
 1 Bladestorm
 6 Shadow Hunter 
 3 Hex
 2 Serpent Ward
 1 Big Bad Voodoo
 
                » actions 
                
                | Assign group hotkey | 49 |  | 
| Basic commands | 2 |  | 
| Build / train | 89 |  | 
| Enter build submenu | 18 |  | 
| Enter hero's abilities submenu | 13 |  | 
| Give item / drop item | 5 |  | 
| Right click | 1481 |  | 
| Select / deselect | 511 |  | 
| Select group hotkey | 279 |  | 
| Use ability | 156 |  | 
                2603 total
 » units 
                
                | Peon | 9 |  | 
| Grunt | 4 |  | 
| Troll Headhunter/Berserker | 3 |  | 
| Raider | 3 |  | 
| Spirit Walker | 3 |  | 
| Tauren | 3 |  | 
| Troll Batrider | 19 |  | 
| Wind Rider | 2 |  | 
                46 total
 » upgrades
                
                | Armor | 2 |  | 
| Berserker Strength | 1 |  | 
| Troll Regeneration | 1 |  | 
| Spirit Walker Training | 2 |  | 
| Ensnare | 1 |  | 
| Pulverize | 1 |  | 
                8 total
 » buildings
                
                | Orc Burrow | 7 |  | 
| Altar of Storms | 1 |  | 
| Barracks | 1 |  | 
| Voodoo Lounge | 2 |  | 
| War Mill | 1 |  | 
| Stronghold | 1 |  | 
| Beastiary | 2 |  | 
| Spirit Lodge | 2 |  | 
| Fortress | 1 |  | 
| Tauren Totem | 1 |  | 
| Great Hall | 1 |  | 
                20 total
 » build order
                00:08 Orc Burrow
00:12 Altar of Storms
00:44 Barracks
01:37 Orc Burrow
02:21 Voodoo Lounge
02:50 War Mill
03:39 Stronghold
03:54 Orc Burrow
04:23 Orc Burrow
05:55 Orc Burrow
06:32 Beastiary
07:33 Spirit Lodge
09:21 Fortress
09:45 Spirit Lodge
09:56 Orc Burrow
11:01 Voodoo Lounge
11:57 Tauren Totem
15:20 Orc Burrow
29:50 Great Hall
35:02 Beastiary
» items
                
                | Healing Salve | 6 |  | 
| Lesser Clarity Potion | 7 |  | 
| Boots of Speed | 1 |  | 
| Potion of Lesser Invulnerability | 1 |  | 
| Scroll of Town Portal | 1 |  | 
| Orb of Lightning | 1 |  | 
| Scroll of Protection | 1 |  | 
                18 total
  
               team 2 (winner) 
              
              
» 
schmitty9800 (
orange | 94 APM | 3821 actions | 40:30)
              
 5 Demon Hunter 
 3 Mana Burn
 2 Evasion
 5 Keeper of the Grove 
 3 Entangling Roots
 2 Force of Nature
 
                » actions 
                
                | Assign group hotkey | 79 |  | 
| Basic commands | 76 |  | 
| Build / train | 165 |  | 
| ESC pressed | 23 |  | 
| Enter build submenu | 39 |  | 
| Enter hero's abilities submenu | 10 |  | 
| Give item / drop item | 8 |  | 
| Right click | 1321 |  | 
| Select / deselect | 776 |  | 
| Select group hotkey | 1119 |  | 
| Use ability | 205 |  | 
                3821 total
 » units 
                
                | Wisp | 69 |  | 
| Archer | 3 |  | 
| Huntress | 7 |  | 
| Druid of the Talon | 15 |  | 
| Faerie Dragon | 4 |  | 
| Chimaera | 17 |  | 
| Hippogryph | 2 |  | 
                117 total
 » upgrades
                
                | Ultravision | 1 |  | 
| Strength of the Moon | 2 |  | 
| Druid of the Talon Training | 2 |  | 
| Improved Bows | 1 |  | 
| Sentinel | 1 |  | 
| Nature's Blessing | 1 |  | 
| Reinforced Hides | 3 |  | 
| Well Spring | 2 |  | 
| Corrosive Breath | 1 |  | 
| Strength of the Wild | 1 |  | 
                15 total
 » buildings
                
                | Altar of Elders | 2 |  | 
| Moon Well | 12 |  | 
| Ancient of War | 2 |  | 
| Hunter's Hall | 4 |  | 
| Ancient of Wonders | 2 |  | 
| Tree of Ages | 3 |  | 
| Tree of Life | 5 |  | 
| Ancient of Wind | 3 |  | 
| Tree of Eternity | 3 |  | 
| Chimaera Roost | 2 |  | 
| Ancient Protector | 1 |  | 
                39 total
 » build order
                00:08 Altar of Elders
00:21 Moon Well
01:55 Ancient of War
02:00 Hunter's Hall
02:26 Hunter's Hall
02:29 Moon Well
02:58 Ancient of Wonders
04:07 Tree of Ages
04:12 Moon Well
05:54 Tree of Life
06:17 Moon Well
06:38 Ancient of Wind
07:50 Ancient of Wind
08:10 Tree of Eternity
09:37 Moon Well
12:14 Chimaera Roost
16:08 Tree of Life
18:45 Tree of Life
21:28 Ancient of Wind
21:33 Tree of Ages
23:08 Chimaera Roost
24:08 Tree of Eternity
24:24 Moon Well
24:25 Moon Well
24:28 Moon Well
25:09 Altar of Elders
25:18 Moon Well
26:41 Tree of Ages
26:56 Moon Well
27:21 Tree of Life
27:38 Moon Well
28:08 Ancient of War
30:00 Tree of Eternity
30:05 Hunter's Hall
31:05 Moon Well
31:17 Ancient Protector
32:15 Tree of Life
33:17 Ancient of Wonders
33:50 Hunter's Hall
» items
                
                | Dust of Appearance | 1 |  | 
| Scroll of Town Portal | 6 |  | 
| Scroll of Healing | 2 |  | 
| Staff of Preservation | 2 |  | 
| Orb of Venom | 1 |  | 
| Lesser Clarity Potion | 1 |  | 
| Boots of Speed | 1 |  | 
| Potion of Healing | 1 |  | 
                15 total
  
                Chat log
          
(17:12 / All) wulfgar99: lololoololol
(17:34 / All) wulfgar99: lolololololo
(17:55 / All) schmitty9800: do you win so rarely that it's funny when it happens?
(18:38 / All) wulfgar99: only when i own 
(20:31 / All) wulfgar99: lololololololo
(20:46 / All) wulfgar99: noob
(22:18 / All) wulfgar99: lololololololol
(23:53 / All) wulfgar99: lolololololoool
(25:12 / All) wulfgar99: u suck 
(25:57 / All) wulfgar99: lololololololololo
(26:34 / All) wulfgar99: nothing better 2 do fag
(26:40 / All) wulfgar99: sad
(28:01 / All) wulfgar99: hi
(32:59 / All) wulfgar99: lolo shit